Sharks vs Canucks

Created - April-17-13 at 18:54

Goals
1 2 3 T
Sharks 0 0 1 1
Canucks 4 3 0 7
Shots
1 2 3 T
Sharks 0 9 5 14
Canucks 15 11 9 35

1st period

1. Canucks , Mikko Koivu 1 (Alex Pietrangelo) at 0:10
2. Canucks , Phil Kessel 1 (Henrik Zetterberg, Matt Carle) at 1:07
3. Canucks , Corey Perry 1 (Erik Karlsson, Loui Eriksson) at 6:28 (PP)
4. Canucks , Erik Karlsson 1 (Brooks Laich, Corey Perry) at 7:07 (PP)

Penalties :
Andrew Ference (SJS) for Interference (Minor) at 2:18, Matt Niskanen (SJS) for Hooking (Minor) at 6:04, Andrew Ference (SJS) for Diving (Minor) at 6:39, Tyler Bozak (SJS) for Slashing (Minor) at 17:47

2nd period

5. Canucks , Dmitry Kulikov 1 (Ryan OReilly) at 10:03
6. Canucks , Alex Pietrangelo 1 (Henrik Zetterberg, Erik Karlsson) at 10:53 (PP)
7. Canucks , Alex Pietrangelo 2 (Henrik Zetterberg, Erik Karlsson) at 11:38 (PP)

Penalties :
Johnny Boychuk (SJS) for Holding (Minor) at 0:11, Maxime Talbot (VAN) for Roughing (Minor) at 3:49, Maxime Talbot (VAN) for Hooking (Minor) at 8:24, Johnny Boychuk (SJS) for Unsportsmanlike conduct (Major / Game Misconduct) at 8:24

3rd period

8. Sharks , Tyler Bozak 1 (Andrew Shaw, Andrew Ference) at 13:56

Penalties :
Mark Stuart (SJS) for Hooking (Minor) at 0:41, Maxime Talbot (VAN) for Hooking (Minor) at 7:53, Jannik Hansen (SJS) for Hooking (Minor) at 7:53, Andrew Shaw (SJS) for Hooking (Minor) at 14:50

Goalie Stats

Ben Bishop (SJS), 23 saves from 26 shots - (0.885), 52:53 minutes
Brian Elliott (SJS), 5 saves from 9 shots - (0.556), L, 0-1-0, 7:07 minutes
Henrik Lundqvist (VAN), 13 saves from 14 shots - (0.929), W, 1-0-0, 60:00 minutes

Players Stats for Sharks

Player Name              G  A  P  +/- PIM S  H  SB GA TA FO     MP     PP MP  PK MP  
------------------------------------------------------------------------------------
Alex Tanguay             0  0  0   0  0   1  0  0  0  0  0/0    19:16   0:56   4:42 
Andrew Ference           0  1  1  -1  4   0  1  3  0  0  0/0    23:55   1:16   7:10 
Andrew Shaw              0  1  1   0  2   0  7  0  0  0  0/2    14:04   0:00   0:49 
Ian White                0  0  0  -1  0   0  1  1  0  0  0/0    18:30   0:00   0:04 
Jannik Hansen            0  0  0   0  2   1  0  1  0  0  1/1    13:24   0:00   9:05 
Jaromir Jagr             0  0  0   0  0   1  0  0  0  0  0/1     9:36   0:00   0:00 
Johan Franzen            0  0  0  -1  0   3  0  0  0  0  1/1    15:18   0:56   0:00 
Johnny Boychuk           0  0  0  -1  17  0  6  1  0  0  0/0    10:56   0:43   2:43 
Kyle Wellwood            0  0  0   1  0   2  0  0  0  0  2/7     9:46   0:00   0:00 
Lauri Korpikoski         0  0  0  -1  0   1  0  0  0  0  2/11   12:57   1:03   5:16 
Mark Stuart              0  0  0  -1  2   0  2  3  0  0  0/0    23:26   0:43   5:40 
Matt Niskanen            0  0  0   0  2   0  1  0  0  0  0/0    17:15   0:00   3:43 
Mike Ribeiro             0  0  0  -1  0   1  2  0  0  0  5/18   16:58   1:03   0:00 
Nik Antropov             0  0  0   0  0   0  0  0  0  0  1/3     4:08   0:00   0:00 
Ryan Malone              0  0  0   0  0   0  0  0  0  0  0/0     9:36   0:00   0:00 
Shane Doan               0  0  0  -2  0   1  2  1  0  0  0/1    18:35   1:03   0:00 
Tomas Kaberle            0  0  0  -1  0   0  1  0  0  0  0/0    23:01   1:16   8:14 
Tyler Bozak              1  0  1   0  2   3  1  1  0  0  21/35  21:25   0:56   7:42 

Players Stats for Canucks

Player Name              G  A  P  +/- PIM S  H  SB GA TA FO     MP     PP MP  PK MP  
------------------------------------------------------------------------------------
Alex Pietrangelo         2  1  3   0  0   4  0  1  0  0  0/0    21:59   7:29   1:30 
Brandon Sutter           0  0  0   0  0   0  0  0  0  0  4/7     7:06   0:00   0:16 
Brooks Laich             0  1  1   0  0   3  3  0  0  0  14/26  21:00   7:46   1:40 
Corey Perry              1  1  2   1  0   3  2  0  0  0  0/0    24:19   7:46   0:00 
Dmitry Kulikov           1  0  1   1  0   4  0  0  0  0  0/0    20:57   6:18   0:00 
Erik Karlsson            1  3  4   1  0   6  2  0  0  0  0/0    23:05   7:29   1:30 
Henrik Zetterberg        0  3  3   1  0   3  3  0  0  0  10/18  22:34   6:01   0:03 
Kris Russell             0  0  0   0  0   0  0  0  0  0  0/0     6:40   0:00   0:00 
Loui Eriksson            0  1  1   1  0   1  1  0  0  0  1/1    19:12   7:46   0:03 
Marco Scandella          0  0  0   0  0   0  2  1  0  0  0/0    15:29   0:00   0:00 
Matt Carle               0  1  1   2  0   2  0  0  0  0  0/0    18:11   6:18   0:29 
Maxime Talbot            0  0  0  -1  6   1  0  0  0  0  1/1    10:30   0:00   0:00 
Mikko Koivu              1  0  1   1  0   2  2  0  0  0  16/25  19:51   6:01   0:00 
Nick Foligno             0  0  0   0  0   0  0  0  0  0  0/0     0:16   0:00   0:16 
Phil Kessel              1  0  1   1  0   5  0  0  0  0  1/2    21:54   6:01   0:00 
Radek Martinek           0  0  0   0  0   0  1  0  0  0  0/0    13:39   0:00   0:29 
Ryan OReilly             0  1  1   0  0   0  0  0  0  0  0/0    13:28   0:00   1:40 
Valtteri Filppula        0  0  0   1  0   1  1  0  0  0  0/0    13:50   0:00   0:00 

3 Stars

1 - Erik Karlsson (VAN)
2 - Alex Pietrangelo (VAN)
3 - Henrik Zetterberg (VAN)

Power Play

Sharks - 0 on 1 Attempt(s) - 0.00%
Canucks - 4 on 7 Attempt(s) - 57.14%

Penalty Kill

Sharks - 3 on 7 Attempt(s) - 42.86% - Score 0 goal in Penalty Kill
Canucks - 1 on 1 Attempt(s) - 100.00% - Score 0 goal in Penalty Kill

Official

Referees : Steve Kozari and Gord Dwyer
Linesman : Mark Shewchyk and Mike Cvik

Game Notes

Ben Bishop enters game at 7:07 of 1st period
Johnny Boychuk ejected from game at 8:24 of 2nd period

Finance

Level 1 -- Attendance: 6500 (100.00%) -- Ticket Income $520,000
Level 2 -- Attendance: 5000 (100.00%) -- Ticket Income $325,000
Level 3 -- Attendance: 3500 (100.00%) -- Ticket Income $175,000
Level 4 -- Attendance: 2860 (100.00%) -- Ticket Income $71,500
Luxury Box -- Attendance: 1000 (100.00%) -- Ticket Income $250,000
Game was played at the Rogers Arena
Total Attendance: 18860 (100.00%)
Total Ticket Income: $1,341,500
Other Income: $201,225
Total Income: $1,542,725


% Time on Ice - Sharks

Lines # - Real PCT - Wanted PCT - Time Play
Normal Forward
1 - 36% - 40% - 14:22
2 - 30% - 30% - 12:10
3 - 24% - 20% - 9:36
4 - 10% - 10% - 4:08
Normal Defense
1 - 45% - 40% - 18:14
2 - 26% - 30% - 10:39
3 - 15% - 20% - 6:10
4 - 13% - 10% - 5:13
PP Forward
1 - 53% - 60% - 1:03
2 - 47% - 40% - 0:56
PP Defense
1 - 36% - 60% - 0:43
2 - 64% - 40% - 1:16
PK Forward
1 - 68% - 60% - 9:21
2 - 32% - 40% - 4:26
PK Defense
1 - 70% - 60% - 9:42
2 - 30% - 40% - 4:05
PK3 Forward
1 - 0% - 60%
2 - 0% - 40%
PK3 Defense
1 - 0% - 60%
2 - 0% - 40%
44 Forward
1 - 92% - 60% - 3:38
2 - 8% - 40% - 0:20
44 Defense
1 - 84% - 60% - 3:20
2 - 16% - 40% - 0:38
Last Minute Offensive  - 0:00
Last Minute Defensive  - 0:00
Total
Forward - 60:00
Defense - 60:00

% Time on Ice - Canucks

Lines # - Real PCT - Wanted PCT - Time Play
Normal Forward
1 - 34% - 36% - 13:50
2 - 28% - 32% - 11:23
3 - 26% - 25% - 10:33
4 - 11% - 7% - 4:30
Normal Defense
1 - 32% - 34% - 13:00
2 - 24% - 31% - 9:45
3 - 33% - 28% - 13:10
4 - 11% - 7% - 4:21
PP Forward
1 - 44% - 54% - 6:01
2 - 56% - 46% - 7:46
PP Defense
1 - 54% - 55% - 7:29
2 - 46% - 45% - 6:18
PK Forward
1 - 87% - 60% - 1:43
2 - 13% - 40% - 0:16
PK Defense
1 - 76% - 60% - 1:30
2 - 24% - 40% - 0:29
PK3 Forward
1 - 0% - 54%
2 - 0% - 46%
PK3 Defense
1 - 0% - 55%
2 - 0% - 45%
44 Forward
1 - 68% - 56% - 2:43
2 - 32% - 44% - 1:15
44 Defense
1 - 58% - 60% - 2:19
2 - 42% - 40% - 1:39
Last Minute Offensive  - 0:00
Last Minute Defensive  - 0:00
Total
Forward - 60:00
Defense - 60:00

Play by Play

1st period


0:01 of 1st period - Mikko Koivu wins face-off versus Mike Ribeiro in neutral zone.
0:10 of 1st period - Shot by Mikko Koivu.
0:10 of 1st period - Goal by Mikko Koivu - Sharks : 0 - Canucks : 1.
0:11 of 1st period - Henrik Zetterberg wins face-off versus Tyler Bozak in neutral zone.
0:13 of 1st period - Off-side.
0:14 of 1st period - Brooks Laich wins face-off versus Kyle Wellwood in neutral zone.
0:26 of 1st period - Brooks Laich is hit by Mark Stuart and loses puck.
0:33 of 1st period - Shot by Maxime Talbot.
0:33 of 1st period - Deflect By Brooks Laich.
0:33 of 1st period - Shot Blocked by Mark Stuart.
0:35 of 1st period - Shot by Radek Martinek.
0:35 of 1st period - Deflect By Maxime Talbot.
0:35 of 1st period - Shot Misses the Net.
0:37 of 1st period - Shot by Brooks Laich.
0:37 of 1st period - Stopped by Brian Elliott without a rebound.
0:38 of 1st period - Tyler Bozak wins face-off versus Henrik Zetterberg in Sharks zone.
1:07 of 1st period - Shot by Phil Kessel.
1:07 of 1st period - Goal by Phil Kessel - Sharks : 0 - Canucks : 2.
1:08 of 1st period - Mike Ribeiro wins face-off versus Mikko Koivu in neutral zone.
1:30 of 1st period - Valtteri Filppula is hit by Johnny Boychuk and loses puck.
1:49 of 1st period - Shot by Valtteri Filppula.
1:49 of 1st period - Deflect By Corey Perry.
1:49 of 1st period - Stopped by Brian Elliott without a rebound.
1:50 of 1st period - Jannik Hansen wins face-off versus Brandon Sutter in Sharks zone.
2:18 of 1st period - Minor Penalty to Andrew Ference for Interference.
2:19 of 1st period - Tyler Bozak wins face-off versus Brooks Laich in Sharks zone.
2:40 of 1st period - Shot by Matt Carle.
2:40 of 1st period - Shot Blocked by Mark Stuart.
2:42 of 1st period - Shot by Corey Perry.
2:42 of 1st period - Shot Misses the Net.
3:48 of 1st period - Shot by Henrik Zetterberg.
3:48 of 1st period - Shot Misses the Net.
6:04 of 1st period - Minor Penalty to Matt Niskanen for Hooking.
6:05 of 1st period - Tyler Bozak wins face-off versus Mikko Koivu in Sharks zone.
6:20 of 1st period - Shot by Dmitry Kulikov.
6:20 of 1st period - Stopped by Brian Elliott without a rebound.
6:21 of 1st period - Brooks Laich wins face-off versus Tyler Bozak in Sharks zone.
6:28 of 1st period - Shot by Corey Perry.
6:28 of 1st period - Goal by Corey Perry - Sharks : 0 - Canucks : 3.
6:29 of 1st period - Henrik Zetterberg wins face-off versus Mike Ribeiro in neutral zone.
6:38 of 1st period - Shot by Loui Eriksson.
6:38 of 1st period - Stopped by Brian Elliott without a rebound.
6:39 of 1st period - Henrik Zetterberg wins face-off versus Tyler Bozak in Sharks zone.
6:39 of 1st period - Minor Penalty to Andrew Ference for Diving.
6:40 of 1st period - Tyler Bozak wins face-off versus Brooks Laich in Sharks zone.
6:40 of 1st period - Jannik Hansen is hit by Corey Perry and loses puck.
7:01 of 1st period - Shot by Erik Karlsson.
7:01 of 1st period - Stopped by Brian Elliott with a rebound.
7:03 of 1st period - Shot by Corey Perry.
7:03 of 1st period - Shot Misses the Net.
7:05 of 1st period - Shot by Brooks Laich.
7:05 of 1st period - Shot Misses the Net.
7:07 of 1st period - Shot by Erik Karlsson.
7:07 of 1st period - Goal by Erik Karlsson - Sharks : 0 - Canucks : 4.
7:07 of 1st period - Ben Bishop enters game.
7:08 of 1st period - Brandon Sutter wins face-off versus Mike Ribeiro in neutral zone.
8:41 of 1st period - Shot by Mikko Koivu.
8:41 of 1st period - Stopped by Ben Bishop without a rebound.
8:42 of 1st period - Brooks Laich wins face-off versus Nik Antropov in Sharks zone.
10:52 of 1st period - Icing by Radek Martinek.
10:53 of 1st period - Kyle Wellwood wins face-off versus Henrik Zetterberg in Canucks zone.
10:58 of 1st period - Shot by Jaromir Jagr.
10:58 of 1st period - Shot Blocked by Marco Scandella.
11:12 of 1st period - Shot by Loui Eriksson.
11:12 of 1st period - Shot Misses the Net.
11:39 of 1st period - Icing by Marco Scandella.
11:40 of 1st period - Henrik Zetterberg wins face-off versus Tyler Bozak in Canucks zone.
11:40 of 1st period - Henrik Zetterberg is hit by Andrew Shaw.
11:45 of 1st period - Phil Kessel is hit by Tomas Kaberle and loses puck.
12:10 of 1st period - Off-side.
12:11 of 1st period - Mike Ribeiro wins face-off versus Brooks Laich in neutral zone.
12:20 of 1st period - Icing by Erik Karlsson.
12:21 of 1st period - Brooks Laich wins face-off versus Mike Ribeiro in Canucks zone.
12:31 of 1st period - Off-side.
12:32 of 1st period - Tyler Bozak wins face-off versus Mikko Koivu in neutral zone.
13:07 of 1st period - Shot by Mikko Koivu.
13:07 of 1st period - Shot Misses the Net.
13:09 of 1st period - Shot by Valtteri Filppula.
13:09 of 1st period - Shot Blocked by Ian White.
13:17 of 1st period - Shot by Valtteri Filppula.
13:17 of 1st period - Shot Misses the Net.
13:19 of 1st period - Shot by Alex Pietrangelo.
13:19 of 1st period - Stopped by Ben Bishop without a rebound.
13:20 of 1st period - Johan Franzen wins face-off versus Henrik Zetterberg in Sharks zone.
13:20 of 1st period - Andrew Ference is hit by Loui Eriksson and loses puck.
13:49 of 1st period - Shot by Phil Kessel.
13:49 of 1st period - Shot Misses the Net.
13:51 of 1st period - Shot by Loui Eriksson.
13:51 of 1st period - Shot Misses the Net.
13:53 of 1st period - Shot by Henrik Zetterberg.
13:53 of 1st period - Shot Blocked by Andrew Ference.
14:20 of 1st period - Andrew Ference is hit by Marco Scandella and loses puck.
14:33 of 1st period - Shot by Ryan Malone.
14:33 of 1st period - Shot Misses the Net.
15:21 of 1st period - Icing by Matt Niskanen.
15:22 of 1st period - Mikko Koivu wins face-off versus Kyle Wellwood in Sharks zone.
15:37 of 1st period - Mark Stuart is hit by Corey Perry and loses puck.
16:15 of 1st period - Icing by Matt Niskanen.
16:16 of 1st period - Phil Kessel wins face-off versus Kyle Wellwood in Sharks zone.
16:29 of 1st period - Shot by Henrik Zetterberg.
16:29 of 1st period - Shot Misses the Net.
16:45 of 1st period - Shot by Phil Kessel.
16:45 of 1st period - Stopped by Ben Bishop without a rebound.
16:46 of 1st period - Tyler Bozak wins face-off versus Brooks Laich in Sharks zone.
16:46 of 1st period - Tyler Bozak is hit by Brooks Laich.
16:49 of 1st period - Icing by Alex Tanguay.
16:50 of 1st period - Tyler Bozak wins face-off versus Brooks Laich in Sharks zone.
17:22 of 1st period - Icing by Ian White.
17:23 of 1st period - Tyler Bozak wins face-off versus Henrik Zetterberg in Sharks zone.
17:23 of 1st period - Tyler Bozak is hit by Henrik Zetterberg.
17:46 of 1st period - Erik Karlsson is hit by Andrew Shaw and loses puck.
17:47 of 1st period - Minor Penalty to Tyler Bozak for Slashing.
17:48 of 1st period - Brooks Laich wins face-off versus Lauri Korpikoski in Sharks zone.
18:21 of 1st period - Shot by Alex Pietrangelo.
18:21 of 1st period - Shot Blocked by Johnny Boychuk.
18:29 of 1st period - Shot by Erik Karlsson.
18:29 of 1st period - Stopped by Ben Bishop without a rebound.
18:30 of 1st period - Mikko Koivu wins face-off versus Andrew Shaw in Sharks zone.
18:45 of 1st period - Henrik Zetterberg is hit by Andrew Ference and loses puck.
19:00 of 1st period - Shot by Phil Kessel.
19:00 of 1st period - Stopped by Ben Bishop with a rebound.
19:02 of 1st period - Shot by Phil Kessel.
19:02 of 1st period - Stopped by Ben Bishop without a rebound.
19:03 of 1st period - Brooks Laich wins face-off versus Lauri Korpikoski in Sharks zone.

2nd period


0:01 of 2nd period - Mikko Koivu wins face-off versus Mike Ribeiro in neutral zone.
0:11 of 2nd period - Minor Penalty to Johnny Boychuk for Holding.
0:12 of 2nd period - Mikko Koivu wins face-off versus Tyler Bozak in Sharks zone.
0:19 of 2nd period - Shot by Alex Pietrangelo.
0:19 of 2nd period - Shot Misses the Net.
0:21 of 2nd period - Shot by Erik Karlsson.
0:21 of 2nd period - Stopped by Ben Bishop without a rebound.
0:22 of 2nd period - Mikko Koivu wins face-off versus Tyler Bozak in Sharks zone.
1:08 of 2nd period - Shot by Henrik Zetterberg.
1:08 of 2nd period - Shot Blocked by Tyler Bozak.
2:13 of 2nd period - Icing by Radek Martinek.
2:14 of 2nd period - Brandon Sutter wins face-off versus Mike Ribeiro in Canucks zone.
2:18 of 2nd period - Phil Kessel is hit by Johnny Boychuk and loses puck.
2:26 of 2nd period - Icing by Ian White.
2:27 of 2nd period - Mikko Koivu wins face-off versus Mike Ribeiro in Sharks zone.
2:27 of 2nd period - Mikko Koivu is hit by Johnny Boychuk.
2:38 of 2nd period - Corey Perry is hit by Johnny Boychuk and loses puck.
2:44 of 2nd period - Mikko Koivu is hit by Johnny Boychuk and loses puck.
2:55 of 2nd period - Shot by Corey Perry.
2:55 of 2nd period - Stopped by Ben Bishop without a rebound.
2:56 of 2nd period - Tyler Bozak wins face-off versus Henrik Zetterberg in Sharks zone.
3:01 of 2nd period - Marco Scandella is hit by Andrew Shaw and loses puck.
3:49 of 2nd period - Minor Penalty to Maxime Talbot for Roughing.
3:50 of 2nd period - Lauri Korpikoski wins face-off versus Brooks Laich in Canucks zone.
4:03 of 2nd period - Shot by Shane Doan.
4:03 of 2nd period - Shot Misses the Net.
4:09 of 2nd period - Shot by Shane Doan.
4:09 of 2nd period - Stopped by Henrik Lundqvist without a rebound.
4:10 of 2nd period - Brooks Laich wins face-off versus Lauri Korpikoski in Canucks zone.
6:13 of 2nd period - Corey Perry is hit by Johnny Boychuk and loses puck.
6:21 of 2nd period - Ian White is hit by Radek Martinek and loses puck.
6:26 of 2nd period - Shot by Jaromir Jagr.
6:26 of 2nd period - Stopped by Henrik Lundqvist with a rebound.
6:37 of 2nd period - Mikko Koivu is hit by Mark Stuart and loses puck.
6:53 of 2nd period - Off-side.
6:54 of 2nd period - Mike Ribeiro wins face-off versus Phil Kessel in neutral zone.
6:58 of 2nd period - Tomas Kaberle is hit by Henrik Zetterberg.
8:24 of 2nd period - Minor Penalty to Maxime Talbot for Hooking.
8:24 of 2nd period - Major / Game Misconduct Penalty to Johnny Boychuk for Unsportsmanlike conduct.
8:24 of 2nd period - Johnny Boychuk is ejected from game.
8:25 of 2nd period - Lauri Korpikoski wins face-off versus Brandon Sutter in Sharks zone.
9:28 of 2nd period - Shot by Tyler Bozak.
9:28 of 2nd period - Stopped by Henrik Lundqvist without a rebound.
9:29 of 2nd period - Brooks Laich wins face-off versus Lauri Korpikoski in Canucks zone.
9:29 of 2nd period - Brooks Laich is hit by Shane Doan.
10:01 of 2nd period - Shot by Ryan OReilly.
10:01 of 2nd period - Shot Misses the Net.
10:03 of 2nd period - Shot by Dmitry Kulikov.
10:03 of 2nd period - Goal by Dmitry Kulikov - Sharks : 0 - Canucks : 5.
10:04 of 2nd period - Tyler Bozak wins face-off versus Brandon Sutter in neutral zone.
10:11 of 2nd period - Shot by Tyler Bozak.
10:11 of 2nd period - Stopped by Henrik Lundqvist without a rebound.
10:12 of 2nd period - Brandon Sutter wins face-off versus Tyler Bozak in Canucks zone.
10:23 of 2nd period - Off-side.
10:24 of 2nd period - Henrik Zetterberg wins face-off versus Tyler Bozak in neutral zone.
10:26 of 2nd period - Off-side.
10:27 of 2nd period - Tyler Bozak wins face-off versus Henrik Zetterberg in neutral zone.
10:30 of 2nd period - Mikko Koivu is hit by Tyler Bozak and loses puck.
10:53 of 2nd period - Shot by Alex Pietrangelo.
10:53 of 2nd period - Goal by Alex Pietrangelo - Sharks : 0 - Canucks : 6.
10:54 of 2nd period - Loui Eriksson wins face-off versus Tyler Bozak in neutral zone.
11:12 of 2nd period - Shot by Loui Eriksson.
11:12 of 2nd period - Shot Misses the Net.
11:14 of 2nd period - Shot by Corey Perry.
11:14 of 2nd period - Shot Misses the Net.
11:16 of 2nd period - Shot by Dmitry Kulikov.
11:16 of 2nd period - Stopped by Ben Bishop without a rebound.
11:17 of 2nd period - Mikko Koivu wins face-off versus Lauri Korpikoski in Sharks zone.
11:36 of 2nd period - Shot by Henrik Zetterberg.
11:36 of 2nd period - Shot Misses the Net.
11:38 of 2nd period - Shot by Alex Pietrangelo.
11:38 of 2nd period - Goal by Alex Pietrangelo - Sharks : 0 - Canucks : 7.
11:39 of 2nd period - Tyler Bozak wins face-off versus Brooks Laich in neutral zone.
11:45 of 2nd period - Icing by Dmitry Kulikov.
11:46 of 2nd period - Brooks Laich wins face-off versus Tyler Bozak in Canucks zone.
11:51 of 2nd period - Shot by Matt Carle.
11:51 of 2nd period - Shot Blocked by Jannik Hansen.
12:07 of 2nd period - Shot by Dmitry Kulikov.
12:07 of 2nd period - Shot Misses the Net.
12:31 of 2nd period - Shot by Corey Perry.
12:31 of 2nd period - Shot Misses the Net.
13:17 of 2nd period - Shot by Erik Karlsson.
13:17 of 2nd period - Stopped by Ben Bishop without a rebound.
13:18 of 2nd period - Mikko Koivu wins face-off versus Tyler Bozak in Sharks zone.
13:19 of 2nd period - Shot by Alex Pietrangelo.
13:19 of 2nd period - Stopped by Ben Bishop without a rebound.
13:20 of 2nd period - Mikko Koivu wins face-off versus Tyler Bozak in Sharks zone.
14:18 of 2nd period - Alex Pietrangelo is hit by Mike Ribeiro and loses puck.
14:34 of 2nd period - Icing by Tomas Kaberle.
14:35 of 2nd period - Tyler Bozak wins face-off versus Henrik Zetterberg in Sharks zone.
14:51 of 2nd period - Icing by Matt Carle.
14:52 of 2nd period - Henrik Zetterberg wins face-off versus Jaromir Jagr in Canucks zone.
14:59 of 2nd period - Shot by Phil Kessel.
14:59 of 2nd period - Shot Misses the Net.
15:01 of 2nd period - Shot by Henrik Zetterberg.
15:01 of 2nd period - Stopped by Ben Bishop without a rebound.
15:02 of 2nd period - Tyler Bozak wins face-off versus Mikko Koivu in Sharks zone.
16:08 of 2nd period - Shot by Phil Kessel.
16:08 of 2nd period - Stopped by Ben Bishop without a rebound.
16:09 of 2nd period - Henrik Zetterberg wins face-off versus Mike Ribeiro in Sharks zone.
16:36 of 2nd period - Shot by Mike Ribeiro.
16:36 of 2nd period - Stopped by Henrik Lundqvist with a rebound.
17:08 of 2nd period - Shot by Kyle Wellwood.
17:08 of 2nd period - Stopped by Henrik Lundqvist without a rebound.
17:09 of 2nd period - Brooks Laich wins face-off versus Lauri Korpikoski in Canucks zone.
17:36 of 2nd period - Shot by Jannik Hansen.
17:36 of 2nd period - Stopped by Henrik Lundqvist without a rebound.
17:37 of 2nd period - Kyle Wellwood wins face-off versus Mikko Koivu in Canucks zone.
17:58 of 2nd period - Shot by Kyle Wellwood.
17:58 of 2nd period - Stopped by Henrik Lundqvist without a rebound.
17:59 of 2nd period - Brooks Laich wins face-off versus Mike Ribeiro in Canucks zone.
18:17 of 2nd period - Shot by Johan Franzen.
18:17 of 2nd period - Stopped by Henrik Lundqvist without a rebound.
18:18 of 2nd period - Mikko Koivu wins face-off versus Tyler Bozak in Canucks zone.
18:30 of 2nd period - Off-side.
18:31 of 2nd period - Henrik Zetterberg wins face-off versus Mike Ribeiro in neutral zone.
18:33 of 2nd period - Matt Carle is hit by Mike Ribeiro and loses puck.
18:38 of 2nd period - Shot by Henrik Zetterberg.
18:38 of 2nd period - Stopped by Ben Bishop without a rebound.
18:39 of 2nd period - Mike Ribeiro wins face-off versus Mikko Koivu in Sharks zone.
19:44 of 2nd period - Mark Stuart is hit by Henrik Zetterberg.

3rd period


0:01 of 3rd period - Mikko Koivu wins face-off versus Shane Doan in neutral zone.
0:01 of 3rd period - Mikko Koivu is hit by Shane Doan.
0:24 of 3rd period - Shot by Johan Franzen.
0:24 of 3rd period - Stopped by Henrik Lundqvist without a rebound.
0:25 of 3rd period - Tyler Bozak wins face-off versus Henrik Zetterberg in Canucks zone.
0:41 of 3rd period - Minor Penalty to Mark Stuart for Hooking.
0:42 of 3rd period - Tyler Bozak wins face-off versus Brooks Laich in Sharks zone.
0:42 of 3rd period - Tyler Bozak is hit by Brooks Laich.
0:56 of 3rd period - Shot by Erik Karlsson.
0:56 of 3rd period - Stopped by Ben Bishop without a rebound.
0:57 of 3rd period - Tyler Bozak wins face-off versus Mikko Koivu in Sharks zone.
0:57 of 3rd period - Tyler Bozak is hit by Mikko Koivu.
2:52 of 3rd period - Shot by Maxime Talbot.
2:52 of 3rd period - Stopped by Ben Bishop with a rebound.
3:05 of 3rd period - Johan Franzen is hit by Marco Scandella and loses puck.
3:09 of 3rd period - Icing by Marco Scandella.
3:10 of 3rd period - Henrik Zetterberg wins face-off versus Kyle Wellwood in Canucks zone.
3:56 of 3rd period - Off-side.
3:57 of 3rd period - Mikko Koivu wins face-off versus Mike Ribeiro in neutral zone.
4:42 of 3rd period - Shot by Valtteri Filppula.
4:42 of 3rd period - Stopped by Ben Bishop with a rebound.
5:15 of 3rd period - Icing by Erik Karlsson.
5:16 of 3rd period - Brooks Laich wins face-off versus Kyle Wellwood in Canucks zone.
6:18 of 3rd period - Ian White is hit by Valtteri Filppula and loses puck.
6:56 of 3rd period - Shot by Andrew Shaw.
6:56 of 3rd period - Shot Misses the Net.
6:58 of 3rd period - Shot by Alex Tanguay.
6:58 of 3rd period - Stopped by Henrik Lundqvist with a rebound.
7:36 of 3rd period - Ryan OReilly is hit by Andrew Shaw and loses puck.
7:46 of 3rd period - Kris Russell is hit by Matt Niskanen.
7:53 of 3rd period - Minor Penalty to Maxime Talbot for Hooking.
7:53 of 3rd period - Minor Penalty to Jannik Hansen for Hooking.
7:54 of 3rd period - Brandon Sutter wins face-off versus Lauri Korpikoski in Sharks zone.
8:21 of 3rd period - Shot by Brandon Sutter.
8:21 of 3rd period - Shot Blocked by Shane Doan.
9:02 of 3rd period - Kris Russell is hit by Ian White.
9:29 of 3rd period - Shot by Brooks Laich.
9:29 of 3rd period - Stopped by Ben Bishop without a rebound.
9:30 of 3rd period - Henrik Zetterberg wins face-off versus Lauri Korpikoski in Sharks zone.
10:20 of 3rd period - Jaromir Jagr is hit by Erik Karlsson and loses puck.
10:34 of 3rd period - Jaromir Jagr is hit by Erik Karlsson and loses puck.
11:04 of 3rd period - Shot by Nik Antropov.
11:04 of 3rd period - Shot Blocked by Alex Pietrangelo.
11:06 of 3rd period - Shot by Lauri Korpikoski.
11:06 of 3rd period - Stopped by Henrik Lundqvist with a rebound.
11:08 of 3rd period - Shot by Lauri Korpikoski.
11:08 of 3rd period - Shot Hit the Post.
13:02 of 3rd period - Shot by Jaromir Jagr.
13:02 of 3rd period - Shot Misses the Net.
13:10 of 3rd period - Shot by Jaromir Jagr.
13:10 of 3rd period - Shot Misses the Net.
13:12 of 3rd period - Shot by Kyle Wellwood.
13:12 of 3rd period - Shot Misses the Net.
13:46 of 3rd period - Icing by Maxime Talbot.
13:47 of 3rd period - Tyler Bozak wins face-off versus Brooks Laich in Canucks zone.
13:56 of 3rd period - Shot by Tyler Bozak.
13:56 of 3rd period - Goal by Tyler Bozak - Sharks : 1 - Canucks : 7.
13:57 of 3rd period - Mike Ribeiro wins face-off versus Mikko Koivu in neutral zone.
14:19 of 3rd period - Shot by Mikko Koivu.
14:19 of 3rd period - Shot Blocked by Mark Stuart.
14:25 of 3rd period - Shot by Johan Franzen.
14:25 of 3rd period - Stopped by Henrik Lundqvist without a rebound.
14:26 of 3rd period - Tyler Bozak wins face-off versus Brooks Laich in Canucks zone.
14:42 of 3rd period - Icing by Alex Pietrangelo.
14:43 of 3rd period - Nik Antropov wins face-off versus Brooks Laich in Canucks zone.
14:49 of 3rd period - Icing by Alex Pietrangelo.
14:50 of 3rd period - Brooks Laich wins face-off versus Andrew Shaw in Canucks zone.
14:50 of 3rd period - Minor Penalty to Andrew Shaw for Hooking.
14:51 of 3rd period - Tyler Bozak wins face-off versus Mikko Koivu in Sharks zone.
15:32 of 3rd period - Lauri Korpikoski is hit by Mikko Koivu and loses puck.
16:07 of 3rd period - Shot by Matt Carle.
16:07 of 3rd period - Stopped by Ben Bishop without a rebound.
16:08 of 3rd period - Brooks Laich wins face-off versus Lauri Korpikoski in Sharks zone.
16:09 of 3rd period - Shot by Dmitry Kulikov.
16:09 of 3rd period - Shot Blocked by Andrew Ference.
16:11 of 3rd period - Shot by Dmitry Kulikov.
16:11 of 3rd period - Shot Blocked by Andrew Ference.
16:13 of 3rd period - Shot by Matt Carle.
16:13 of 3rd period - Stopped by Ben Bishop without a rebound.
16:14 of 3rd period - Tyler Bozak wins face-off versus Brooks Laich in Sharks zone.
16:14 of 3rd period - Tyler Bozak is hit by Brooks Laich.
16:44 of 3rd period - Shot by Dmitry Kulikov.
16:44 of 3rd period - Stopped by Ben Bishop with a rebound.
16:46 of 3rd period - Shot by Matt Carle.
16:46 of 3rd period - Shot Misses the Net.
16:48 of 3rd period - Shot by Dmitry Kulikov.
16:48 of 3rd period - Shot Misses the Net.
16:50 of 3rd period - Shot by Loui Eriksson.
16:50 of 3rd period - Deflect By Phil Kessel.
16:50 of 3rd period - Shot Misses the Net.
17:23 of 3rd period - Icing by Matt Niskanen.
17:24 of 3rd period - Mikko Koivu wins face-off versus Mike Ribeiro in Sharks zone.
18:07 of 3rd period - Icing by Kris Russell.
18:08 of 3rd period - Mikko Koivu wins face-off versus Tyler Bozak in Canucks zone.
18:08 of 3rd period - Mikko Koivu is hit by Andrew Shaw.
18:11 of 3rd period - Erik Karlsson is hit by Andrew Shaw and loses puck.
18:15 of 3rd period - Erik Karlsson is hit by Andrew Shaw and loses puck.
19:11 of 3rd period - Shot by Henrik Zetterberg.
19:11 of 3rd period - Stopped by Ben Bishop without a rebound.
19:12 of 3rd period - Maxime Talbot wins face-off versus Nik Antropov in Sharks zone.
19:56 of 3rd period - Shot by Brooks Laich.
19:56 of 3rd period - Stopped by Ben Bishop without a rebound.
19:57 of 3rd period - Mikko Koivu wins face-off versus Mike Ribeiro in Sharks zone.


Output by the SimonT Hockey Simulator (STHS) for Stephane Roy -- Original Page W3C XHTML 1.0 Valid
Hockey Simulator - Hockey Simulation - Hockey Manager